 Dungeon Crawl Stone Soup version 0.29.1-2-gbd0b4ee654 (webtiles) character file.

Game seed: 2136730880651703948

480 retardedninja the Chopper (level 7, 0/59 HPs)
             Began as a Hill Orc Fighter on Nov 10, 2022.
             Killed by divine providence
             ... invoked by an orc priest
              (16 damage)
             ... on level 4 of the Dungeon.
             The game lasted 00:03:21 (3328 turns).

retardedninja the Chopper (Hill Orc Fighter)        Turns: 3328, Time: 00:03:22

Health: 0/59       AC:  9    Str: 21    XL:     7   Next: 12%
Magic:  7/7        EV:  7    Int:  8    God:
Gold:   204        SH:  9    Dex: 10    Spells: 6/6 levels left

rFire   . . .      SeeInvis .   a - +0 war axe
rCold   . . .      Faith    .   c - +0 buckler
rNeg    . . .      Spirit   .   d - +0 chain mail
rPois   .          Reflect  +   (no helmet)
rElec   .          Harm     .   (no cloak)
rCorr   .          Rampage  .   (no gloves)
Will    .....                   (no boots)
Stlth   ..........              g - amulet of reflection
HPRegen 0.19/turn               (no ring)
MPRegen 0.10/turn               (no ring)

@: hasted, very quick
A: no striking features
a: Convert to Beogh


You were on level 4 of the Dungeon.
You visited 1 branch of the dungeon, and saw 4 of its levels.

You collected 204 gold pieces.

Inventory:

Hand Weapons
 a - a +0 war axe (weapon)
Armour
 b - a +0 scale mail
 c - a +0 buckler (worn)
 d - a +0 chain mail (worn)
Jewellery
 g - an amulet of reflection (around neck)
Wands
 k - a wand of flame (17)
Scrolls
 f - 3 scrolls of fear {unknown}
 j - 3 scrolls of immolation {unknown}
 l - 2 scrolls of teleportation {unknown}
 m - a scroll of amnesia {unknown}
 n - 2 scrolls of vulnerability {unknown}
Potions
 e - 2 potions of mutation {unknown}
 h - a potion of flight {unknown}
 i - a potion of resistance {unknown}
 o - a potion of cancellation {unknown}
 p - a potion of haste
 q - a potion of degeneration {unknown}


   Skills:
 + Level 4.3 Fighting
 + Level 6.9 Axes
 + Level 5.3 Armour
 + Level 0.9 Dodging
 + Level 4.4 Shields


You had 6 spell levels left.
You didn't know any spells.
Your spell library contained the following spells:

 Spells                   Type           Power      Damage    Failure   Level
 Slow                     Hex            0%         N/A       99%         1
 Summon Small Mammal      Summ           0%         N/A       99%         1
 Static Discharge         Conj/Air       0%         3-3/arc   100%        2
 Call Canine Familiar     Summ           0%         N/A       100%        3
 Confusing Touch          Hex            0%         N/A       100%        3
 Summon Guardian Golem    Hex/Summ       0%         N/A       100%        3
 Vampiric Draining        Necr           0%         2d6       100%        3
 Lightning Bolt           Conj/Air       0%         1d11      100%        5
 Orb of Destruction       Conj           0%         9d5       100%        7
 Spellforged Servitor     Conj/Summ      0%         N/A       100%        7
 Maxwell's Capacitive Co  Air            0%         ∞         100%        8


Dungeon Overview and Level Annotations

Branches:
Dungeon (4/15)
 Temple: D:4-7

Altars:
Elyvilon

Annotations:
D:2 1 runed translucent door, Crazy Yiuf


Message History

You hear some strange, mumbled words.
Something tries to affect you, but you resist.
Unknown command.
You barely miss something. You hit the quokka but do no damage.
Something hits you. You block the orc priest's attack.
The quokka barely misses you.
Unknown command.
You miss something. You slash the quokka!
You kill the quokka!
The orc priest threatens, "By the altar or by the axe, you will meet Beogh!"
Something hits you but does no damage.
The orc priest hits you but does no damage.
Unknown command.
You completely miss something. You block something's attack.
The orc priest mumbles some strange prayers to Beogh against you.
Beogh smites you!
Unknown command.
You miss something. The orc priest closely misses you.
Something completely misses you.
Unknown command.
You miss something.
Unknown command.
You hit something. Something hits you.
* * * LOW HITPOINT WARNING * * *
The orc priest begins to cast a cantrip, but forgets the words!
Unknown command.
You barely miss something. You block the orc priest's attack.
Something hits you but does no damage.
Unknown command.
You slash something!
Reactivating autopickup.
You feel a bit more experienced.
The orc priest threatens, "By the altar or by the axe, you will meet Beogh!"
The orc priest hits you from afar with a +0 trident.
* * * LOW HITPOINT WARNING * * *
Unknown command.
There is a stone staircase leading up here.
The orc priest mumbles some strange prayers to Beogh against you.
Beogh smites you!
You die...

##......#......#.......
##.#....###....##.....##
##..#.....#........##
#........##.........#..
...........#.)..........
.............÷..).##.....
....#.#.......[..)........
...####......[.o)†.......#
##...@......:.......
#....................
##..##...............
####.#..###........#
#.###. .......... ..
........##.. ... ........#
.... .... ...


You could see an orc priest.

Vanquished Creatures
  Sigmund (D:2)
  A hound (D:3)
  An orc priest (D:3)
  Jessica (D:2)
  3 orc wizards
  3 gnolls (D:3)
  7 adders
  2 dart slugs
  5 orcs
  9 ball pythons
  5 bats
  6 endoplasms
  3 giant cockroaches
  5 hobgoblins
  8 kobolds
  A quokka (D:4)
  4 frilled lizards
  3 goblins
  3 rats
71 creatures vanquished.

Vanquished Creatures (others)
  25 plants
25 creatures vanquished.

Grand Total: 96 creatures vanquished

Notes
Turn   | Place    | Note
-------+----------+-------------------------------------------
     0 | D:1      | retardedninja the Hill Orc Fighter began the quest for the
                  | Orb.
     0 | D:1      | Reached XP level 1. HP: 19/19 MP: 1/1
   266 | D:1      | Reached XP level 2. HP: 27/27 MP: 2/2
   407 | D:1      | Reached skill level 3 in Axes
   975 | D:2      | Noticed Sigmund
   985 | D:2      | Killed Sigmund
   986 | D:2      | Reached skill level 5 in Axes
   986 | D:2      | Reached XP level 3. HP: 17/33 MP: 3/3
   986 | D:2      | Reached XP level 4. HP: 21/40 MP: 4/4
   986 | D:2      | Reached XP level 5. HP: 24/46 MP: 5/5
  1277 | D:2      | Reached XP level 6. HP: 50/52 MP: 6/6
  1332 | D:2      | Noticed Jessica
  1337 | D:2      | Killed Jessica
  1474 | D:2      | Reached skill level 6 in Axes
  1644 | D:2      | Found a runed translucent door.
  1645 | D:2      | Noticed Crazy Yiuf
  2194 | D:3      | Found a white marble altar of Elyvilon.
  2253 | D:3      | Found a faded altar of an unknown god.
  2832 | D:3      | Reached skill level 5 in Armour
  3195 | D:4      | Reached XP level 7. HP: 24/59 MP: 7/7
  3328 | D:4      | Killed from afar by an orc priest

Illustrated notes

Levels and vault maps discovered:
D:1:      onia_arrival_pentagram, layout_basic, nicolae_eternal_life
D:2:      layout_rooms, serial_bayou_lagoon_a, uniq_jessica, uniq_sigmund,
          uniq_crazy_yiuf_cottage
D:3:      layout_loops_ring, lemuel_doored_altar,
          shapermc_ecumenical_altar_mp_urbaneastern, kennysheep_nondescript
D:4:      layout_cave_pools, chequers_big_river

Skill      XL: |  1  2  3  4  5  6 |
---------------+-------------------+-----
Axes           | 5 6 |  6.9
Fighting       | 4 |  4.3
Armour         | 4 5 |  5.3
Shields        | 4 |  4.4
Dodging        | |  0.9

Action                   |  1- 3 |  4- 6 |  7- 9 || total
-------------------------+-------+-------+-------++-------
Melee: War axe           |    70 |   171 |    15 ||   256
  Use: Potion            |     1 |       |     1 ||     2
Armor: Scale mail        |    33 |     8 |       ||    41
       Chain mail        |       |    83 |    10 ||    93
Dodge: Dodged            |    39 |    37 |     6 ||    82
Block: Buckler           |    21 |    74 |     5 ||   100
